 Dungeon Crawl Stone Soup version 0.29.0-15-g675c0067aa (webtiles) character file.

Game seed: 1210726539983170125

66 qw the Chopper (level 4, -1/28 HPs)
             Began as a Gargoyle Fighter on Sept 12, 2022.
             Slain by Sigmund
             ... wielding a +0 scythe
              (10 damage)
             ... on level 2 of the Dungeon.
             The game lasted 00:00:39 (1857 turns).

qw the Chopper (Gargoyle Fighter)                   Turns: 1857, Time: 00:00:39

Health: -1/28      AC: 10    Str: 21    XL:     4   Next: 15%
Magic:  4/4        EV:  9    Int:  9    God:
Gold:   95         SH:  4    Dex:  9    Spells: 3/3 levels left

rFire   . . .      SeeInvis .   Y - +0 war axe
rCold   . . .      Faith    .   c - +0 buckler
rNeg    + . .      Spirit   .   b - +0 scale mail
rPois   inf        Reflect  .   (no helmet)
rElec   +          Harm     .   (no cloak)
rCorr   .          Rampage  .   (no gloves)
Will    .....                   (no boots)
Stlth   ..........              (no amulet)
HPRegen 0.09/turn               (no ring)
MPRegen 0.09/turn               (no ring)

@: no status effects
A: sickness immunity, AC +3, negative energy resistance 1, electricity
resistance, torment resistance 1, petrification resistance
a: no special abilities


You were on level 2 of the Dungeon.
You visited 1 branch of the dungeon, and saw 2 of its levels.

You collected 95 gold pieces.


Innate Abilities, Weirdness & Mutations

You are immune to sickness and miasma.
Your stone body is resilient. (AC +3)
You are immune to poison.
You resist negative energy. (rN+)
You are resistant to electric shocks. (rElec)
You are resistant to unholy torment.
You are immune to petrification.


   Skills:
 - Level 3.2 Fighting
 + Level 3.9 Axes
 - Level 3.2 Armour
 - Level 3.2 Shields


You had 3 spell levels left.
You didn't know any spells.
Your spell library was empty.

Inventory:

Hand Weapons
 a - a +0 whip
 Y - a +0 war axe (weapon)
Armour
 b - a +0 scale mail (worn)
 c - a +0 buckler (worn)
 f - a +0 chain mail
Scrolls
 e - a scroll of butterflies {unknown}
 g - a scroll of identify
Potions
 d - 2 potions of might
 h - a potion of mutation
 k - a potion of heal wounds {unknown}
 l - a potion of lignification {unknown}

Dungeon Overview and Level Annotations

Branches:
Dungeon (2/15)

Altars:

Annotations:
D:2 Sigmund


Message History

Something tries to affect you, but you resist.
Something hits you but does no damage.
You closely miss something. You miss something.
Something hits you but does no damage.
You barely miss something. Something hits you but does no damage.
You miss something.
You hear some strange, mumbled words.
You are confused.
You're too confused to attack without stumbling around!
There is a strange disturbance nearby!
Something hits you but does no damage.
You're too confused to attack without stumbling around!
There is a strange disturbance nearby!
You hear some strange, mumbled words.
A puff of flame appears from out of thin air!
The puff of flame hits you but does no damage.
You're too confused to attack without stumbling around!
There is a strange disturbance nearby!
Something hits you.
You're too confused to attack without stumbling around!
There is a strange disturbance nearby!
You're too confused to attack without stumbling around!
There is a strange disturbance nearby!
Something hits you.
You're too confused to attack without stumbling around!
There is a strange disturbance nearby!
You feel less confused. Something hits you!
You miss something. Something hits you.
You closely miss something.
You hear some strange, mumbled words.
Something tries to affect you, but you resist.
You miss something. Something hits you.
You barely miss something. Something hits you!
You die...

#...#####.....# #..#
#.....###...# #..#
#.....#.....#
#..######)...##.....
#..##...'....##....#
....'...#....##....#
#...#...#....##....#
..>##...#....##.{..#
...######.......@..#
...+ .............#
...# #...........#
#### #.........#.#
#####.........#.#
..............#.#
..............+ .
...............# #
.........).....#


There were no monsters in sight!

Vanquished Creatures
  Terence (D:2)
  2 worms (D:2)
  A bat (D:2)
  3 endoplasms (D:1)
  A giant cockroach (D:1)
  5 goblins
  4 hobgoblins
  2 kobolds (D:2)
  5 ball pythons
  A frilled lizard (D:1)
  10 rats
35 creatures vanquished.

Vanquished Creatures (others)
  A plant (D:1)
1 creature vanquished.

Grand Total: 36 creatures vanquished

Notes
Turn   | Place    | Note
-------+----------+-------------------------------------------
     0 | D:1      | qw the Gargoyle Fighter began the quest for the Orb.
     0 | D:1      | Reached XP level 1. HP: 14/14 MP: 1/1
     0 | D:1      | 0 ||| qw: Version: 0.1-a-119-g272c26d
     0 | D:1      | 0 ||| qw: Game counter: 10800
     0 | D:1      | 0 ||| qw: Always use a shield: true
     0 | D:1      | 0 ||| qw: God list: Okawaru
     0 | D:1      | 0 ||| qw: Allow faded altars: false
     0 | D:1      | 0 ||| qw: Do Orc after D:15 true
     0 | D:1      | 0 ||| qw: Do second Lair branch before Depths: true
     0 | D:1      | 0 ||| qw: Lair rune preference: random
     0 | D:1      | 0 ||| qw: Plans: Normal, Zot, God:TSO, Crypt, Tomb, Pan,
                  | Slime, Hells, Zig, Abyss, Orb
     0 | D:1      | 0 ||| PLANNING D:1-11
   309 | D:1      | Reached XP level 2. HP: 19/19 MP: 2/2
   361 | D:1      | Found a faded altar of an unknown god.
   633 | D:1      | 633 ||| Stepping ~*~*~tactically~*~*~ (stealth).
   856 | D:1      | 856 ||| DROPPING +0 ring mail of positive energy.
   857 | D:1      | 857 ||| READING scroll labelled FOBRUO JERCHELE.
   858 | D:1      | 858 ||| READING 4 scrolls labelled IMUV MOZXO.
   859 | D:1      | 859 ||| READING 2 scrolls labelled IFFEOH GIKKU.
   864 | D:1      | 864 ||| READING 3 scrolls of identify.
   864 | D:1      | 864 ||| IDENTIFYING fuming green potion
   865 | D:1      | 865 ||| READING 2 scrolls of identify.
   865 | D:1      | 865 ||| IDENTIFYING sedimented pink potion
   866 | D:1      | 866 ||| DROPPING potion of degeneration.
   965 | D:2      | Reached skill level 3 in Axes
   978 | D:2      | 978 ||| Stepping ~*~*~tactically~*~*~ (stealth).
   993 | D:2      | Reached XP level 3. HP: 23/23 MP: 3/3
   993 | D:2      | Noticed Terence
   996 | D:2      | 996 ||| FLEEEEING.
   997 | D:2      | 997 ||| FLEEEEING.
   998 | D:2      | 998 ||| FLEEEEING.
  1003 | D:2      | 1003 ||| FLEEEEING.
  1005 | D:2      | 1005 ||| FLEEEEING.
  1012 | D:2      | 1012 ||| FLEEEEING.
  1013 | D:2      | 1013 ||| STAIRDANCE
  1098 | D:2      | HP: 4/23 [Terence/+0 mace (6)]
  1099 | D:2      | 1099 ||| READING scroll of teleportation.
  1101 | D:2      | Killed Terence
  1133 | D:2      | 1133 ||| FLEEEEING.
  1134 | D:2      | 1134 ||| FLEEEEING.
  1135 | D:2      | 1135 ||| FLEEEEING.
  1136 | D:2      | 1136 ||| STAIRDANCE
  1458 | D:2      | Reached XP level 4. HP: 28/28 MP: 4/4
  1839 | D:2      | Noticed Sigmund
  1857 | D:2      | Slain by Sigmund

Levels and vault maps discovered:
D:1:      minmay_arrival_loop, layout_loops_ring,
          shapermc_ecumenical_altar_rom_forum, hangedman_decor_clover_reticule
D:2:      layout_basic, minivault_24, st_stairs_5, uniq_terence, uniq_sigmund

Skill      XL: |  1  2 |
---------------+-------+-----
Axes           | 2 3 |  3.9
Fighting       | |  3.2
Armour         | |  3.2
Shields        | |  3.2

Action                   |  1- 3 |  4- 6 || total
-------------------------+-------+-------++-------
Melee: War axe           |    97 |    25 ||   122
  Use: Scroll            |     6 |       ||     6
Armor: Scale mail        |    38 |    13 ||    51
Dodge: Dodged            |    55 |     1 ||    56
Block: Buckler           |    16 |     3 ||    19

Table legend:
 A = Non-vault XP
 B = Vault XP
 C = Vault XP percentage of total XP
 D = Non-vault monster count
 E = Vault monster count
 F = Vault count percentage of total count
                 A         B        C        D         E       F
            +---------+---------+-------+---------+---------+-------
      Total |      54 |      41 |  43.2 |      31 |       4 |  11.4
            +---------+---------+-------+---------+---------+-------
        D:1 |      25 |       0 |   0.0 |      16 |       0 |   0.0
        D:2 |      29 |      41 |  58.6 |      15 |       4 |  21.1
            +---------+---------+-------+---------+---------+-------
